AoeStats
← 买彩票刮出欠条

Arabia

507485976Analyzed
3v3 RM · 15d ago on Sep 18, 2026· 48m 22s· 6 players
Game mode
Random Map
Map size
Normal (6 player)
Population
200
Speed
Normal
Resources
Standard
Victory
Conquest
Starting age
Dark Age
Ending age
Imperial Age
RankedLock teamsTeams togetherTeam positionsShared explorationLock speedFull tech treeHidden civsTurbo modeCheats
Victory
Defeat
🇫🇷 Persians · France
1397
+15
🇨🇳 Shu · China
1331
+18
🇹🇷 Inca · Türkiye
1271
+21
🇭🇰 Mongols · Hong Kong SAR China
1379
-18
🇭🇰 Gurjaras · Hong Kong SAR China
1378
-18
🇭🇰 Mapuche · Hong Kong SAR China
1378
-18
买彩票刮出欠条
7:11 Loom
9:25 Feudal Age
9:52 Double-Bit Axe
11:14 Horse Collar
16:09 Fletching
22:47 Castle Age
21:04 Padded Archer Armor
23:58 Bow Saw
23:50 Heavy Plow
23:17 Crossbowman
23:54 Gold Mining
24:24 Bodkin Arrow
27:23 Thumb Ring
31:25 Wheelbarrow
30:37 Elite Skirmisher
36:35 Imperial Age
35:03 Ballistics
36:24 Scale Mail Armor
36:35 Forging
37:27 Hand Cart
37:32 Bracer
38:08 Conscription
37:43 Arbalester
39:45 Bolt Magazine
41:17 Two-Man Saw
40:06 Town Watch
45:00 Elite White Feather Guard
48:15 Chain Mail Armor
Via
8:56 Feudal Age
7:38 Loom
9:26 Double-Bit Axe
9:58 Town Watch
10:33 Horse Collar
14:42 Wheelbarrow
15:02 Forging
16:24 Bloodlines
27:08 Castle Age
25:46 Scale Barding Armor
26:56 Light Cavalry
27:36 Husbandry
28:02 Chain Barding Armor
31:53 Gold Mining
35:27 Bow Saw
37:13 Iron Casting
37:52 Hand Cart
38:46 Padded Archer Armor
38:40 Fletching
46:18 Imperial Age
47:14 Plate Barding Armor
46:30 Heavy Camel Rider
Mumei
10:33 Feudal Age
10:28 Loom
12:32 Champi Runner
23:31 Double-Bit Axe
28:59 Castle Age
27:21 Horse Collar
27:35 Stone Mining
28:42 Fletching
30:50 Elite Skirmisher
32:30 Champi Warrior
33:38 Scale Mail Armor
40:32 Bow Saw
41:02 Squires
42:46 Arson
43:21 Padded Archer Armor
bbhin
6:25 Loom
8:26 Feudal Age
13:52 Fletching
18:59 Double-Bit Axe
20:30 Padded Archer Armor
26:31 Castle Age
25:58 Horse Collar
27:08 Bodkin Arrow
27:27 Gold Mining
28:55 Leather Archer Armor
33:29 Town Watch
39:18 Heavy Plow
40:38 Bow Saw
41:35 Wheelbarrow
Hung Kaho
7:40 Loom
10:03 Feudal Age
11:31 Fletching
12:50 Double-Bit Axe
12:45 Horse Collar
16:54 Padded Archer Armor
21:59 Castle Age
22:42 Bodkin Arrow
23:02 Leather Archer Armor
23:34 Bow Saw
23:54 Elite Skirmisher
26:38 Malon
28:03 Heavy Plow
29:02 Gold Mining
31:13 Wheelbarrow
33:46 Hand Cart
33:43 Scale Mail Armor
40:26 Imperial Age
42:37 Chemistry
42:01 Elite Bolas Rider
44:41 Ring Archer Armor
44:57 Conscription
48:20 Ballistics
MaGicPK
6:25 Loom
8:44 Feudal Age
7:24 Loom
16:18 Scale Barding Armor
19:59 Double-Bit Axe
20:48 Bloodlines
20:51 Forging
24:42 Castle Age
23:15 Gold Mining
23:08 Horse Collar
26:27 Wheelbarrow
26:22 Chain Barding Armor
31:35 Husbandry
33:05 Iron Casting
34:41 Gold Shaft Mining
35:09 Kshatriyas
35:52 Hand Cart
35:52 Bow Saw
40:13 Light Cavalry
Connection lost

Rejoining the realm…

Still unreachable

The connection could not be restored.

Session expired

The server has moved on; the page needs a fresh start.